 Dungeon Crawl Stone Soup version 0.19-a0-645-gfd18b6f (webtiles) character file.

217 FrankyJ the Skirmisher (level 5, -2/50 HPs)
             Began as a Minotaur Fighter on June 14, 2016.
             Succumbed to pesado's ghost's poison
             ... on level 3 of the Dungeon.
             The game lasted 00:05:10 (1360 turns).

FrankyJ the Skirmisher (Minotaur Fighter)           Turns: 1360, Time: 00:05:10

Health: -2/50      AC:  8    Str: 27    XL:     5   Next: 61%
Magic:  4/4        EV:  9    Int:  5    God:
Gold:   172        SH: 10    Dex:  9    Spells: 0 memorised, 4 levels left

rFire  + . .     SeeInvis .     a - +0 trident
rCold  + . .     Gourm    .     b - +0 scale mail
rNeg   . . .     Faith    .     c - +0 shield
rPois  +         Spirit   .     (helmet restricted)
rElec  +         Dismiss  .     (no cloak)
rCorr  +         Reflect  .     r - +0 pair of gloves (curse)
SustAt .         Harm     .     (no boots)
MR     .....                    (no amulet)
Stlth  ..........               (no ring)
                                (no ring)

@: mighty, lethally poisoned (-2 -> -21), exhausted, resistant, flying, slowed,
very slow, not resistant to hostile enchantments, extremely unstealthy
A: retaliatory headbutt, horns 2
a: no special abilities


You were on level 3 of the Dungeon.
You were very hungry.

You visited 1 branch of the dungeon, and saw 3 of its levels.

You collected 172 gold pieces.

Inventory:

Hand Weapons
 a - a +0 trident (weapon)
 y - a +1 hunting sling of flaming
Armour
 b - a +0 scale mail (worn)
 c - a +0 shield (worn)
 r - a cursed +0 pair of gloves (worn)
Jewellery
 n - an uncursed ring of protection from cold {unknown}
 t - an uncursed amulet of faith {unknown}
Scrolls
 e - a scroll of teleportation {unknown}
 g - 3 scrolls of identify {unknown}
 i - 3 scrolls of remove curse {unknown}
 p - a scroll of enchant armour {unknown}
 q - a scroll of magic mapping {unknown}
 v - a scroll of random uselessness {unknown}
 w - a scroll of amnesia {unknown}
Potions
 m - a potion of haste {unknown}
 o - a potion of flight
 s - a potion of cure mutation {unknown}
 x - a potion of mutation {unknown}
 z - a potion of ambrosia {unknown}
 A - a potion of degeneration {unknown}
Comestibles
 f - 3 bread rations
 l - a meat ration
 u - a chunk of flesh


   Skills:
 + Level 5.7 Fighting
 + Level 4.4 Polearms
 - Level 3.6 Armour
 + Level 2.6 Dodging
 + Level 0.3 Stealth
 - Level 3.6 Shields


You had 4 spell levels left.
You didn't know any spells.

Dungeon Overview and Level Annotations

Branches:
Dungeon (3/15)

Altars:

Annotations:
D:2 exclusion: downstairs


Innate Abilities, Weirdness & Mutations

You reflexively headbutt those who attack you in melee.
You have a pair of horns on your head.


Message History

There is a lethal amount of poison in your body!
There is a lethal amount of poison in your body!
You feel a strong urge to attack something.
* * * LOW HITPOINT WARNING * * *
You feel sick.
* * * LOW HITPOINT WARNING * * *
You feel sick.
You feel your anger subside.
You are no longer berserk.
You are exhausted.
You feel yourself slow down.
You are feeling very hungry.
* * * LOW HITPOINT WARNING * * *
You feel sick.
* * * LOW HITPOINT WARNING * * *
You feel very sick.
* * * LOW HITPOINT WARNING * * *
You feel very sick.
It was a potion of resistance.
You feel protected.
You die...

....###......#
#.#..##.#
..#.# #.##.#.#
#.#.###.#
..... #.##.#.#
#.#.###.#
..#..##.# .#.#
#.......#
#.......# .#
######.#####
##.#.#... ..
#.# # .#.## #.
#.# .#.#
#.###.#
#.@...#
#######


There were no monsters in sight!

Vanquished Creatures
  The ghost of pesado the Bolt Thrower, an amateur DDHu (D:3)
  2 adders (D:2)
  3 worms
  2 dart slugs (D:2)
  11 bats
  4 giant cockroaches
  5 goblins
  5 hobgoblins (D:2)
  7 kobolds
  A ball python (D:2)
  5 giant newts
  4 rats
50 creatures vanquished.

Notes
Turn   | Place    | Note
--------------------------------------------------------------
     0 | D:1      | FrankyJ the Minotaur Fighter began the quest for the Orb.
     0 | D:1      | Reached XP level 1. HP: 19/19 MP: 0/0
    57 | D:1      | Reached skill level 4 in Fighting
   155 | D:1      | Reached XP level 2. HP: 27/27 MP: 1/1
   654 | D:2      | Reached XP level 3. HP: 34/34 MP: 2/2
   940 | D:2      | Reached skill level 5 in Fighting
   955 | D:2      | Reached skill level 1 in Dodging
  1049 | D:2      | Reached XP level 4. HP: 38/42 MP: 3/3
  1111 | D:3      | Noticed pesado's ghost (amateur DDHu)
  1351 | D:3      | Killed pesado's ghost
  1351 | D:3      | Reached XP level 5. HP: 16/50 MP: 4/4
  1359 | D:3      | HP: 1/50 [poisoned by pesado's ghost]
  1360 | D:3      | Succumbed to pesado's ghost's poison

Vault maps used:
D:1:      dpeg_arrival_tiny_a
D:2:      first_bread
D:3:      minmay_misc_feat_four_crosses, uniq_grinder

Skill      XL: |  1  2  3  4 |
---------------+-------------+-----
Fighting       | 4 5 |  5.7
Polearms       | 3 4 |  4.4
Dodging        | 1 2 |  2.6
Armour         | |  3.6
Stealth        | |  0.3
Shields        | |  3.6

Action                   |  1- 3 |  4- 6 || total
-------------------------+-------+-------++-------
Melee: Trident           |    95 |    26 ||   121
       Headbutt          |    18 |     3 ||    21
  Use: Potion            |       |     5 ||     5
  Eat: Chunk             |     1 |       ||     1
Armor: Scale mail        |    32 |     3 ||    35
Dodge: Dodged            |    20 |     6 ||    26
Block: Shield            |    23 |    10 ||    33
